 Dungeon Sprint DCSS version 0.21-a0-414-gba8bdf1 (webtiles) character file.

7154 Kidiri the Fighter (level 10, -3/120 HPs)
             Began as a Yellow Draconian Transmuter on Nov 2, 2017.
             Was the Champion of Wu Jian.
             Slain by a redback (8 damage)
             ... in the Dungeon (Sprint III: "The Ten Rune Challenge").
             The game lasted 00:15:12 (4105 turns).

Kidiri the Fighter (Yellow Draconian Transmuter)    Turns: 4105, Time: 00:15:12

Health: -3/120     AC:  7    Str: 12    XL:     10   Next: 86%
Magic:  15/22      EV: 14    Int: 14    God:    Wu Jian [******]
Gold:   47         SH:  0    Dex: 13    Spells: 9/25 levels left

rFire    x . .     SeeInvis .     - Unarmed
rCold    + + +     Gourm    .   (shield currently unavailable)
rNeg     . . .     Faith    .   (armour unavailable)
rPois    +         Spirit   .   (helmet currently unavailable)
rElec    .         Reflect  .   (cloak currently unavailable)
rCorr    .         Harm     .   (gloves currently unavailable)
MR       .....     NoTele   +   (boots currently unavailable)
Stlth    ++++......             (no amulet)
HPRegen  0.30/turn              (no ring)
MPRegen  0.18/turn              (no ring)

@: lethally poisoned (-3 -> -35), exhausted, short of breath, ice-form
A: (spit acid), (acid resistance), unfitting armour, weak 1, AC +7
a: End Transformation, Serpent's Lash, Heavenly Storm, Renounce Religion


You were in the Dungeon.
You worshipped Wu Jian.
Wu Jian was exalted by your worship.
You were hungry.
You were a creature of crystalline ice.
You visited 1 branch You collected 47 gold pieces.

Inventory:

Hand Weapons
 h - a +0 hunting sling
 k - a +0 dagger
 u - a +0 dagger
 w - a +0 shortbow
 x - a +0 dagger
 z - a +0 long sword of holy wrath
 C - a +4 scimitar of flaming
 F - a +0 shortbow
 G - a +0 shortbow
Missiles
 a - 80 arrows
Armour
 j - a +0 scale mail
 s - a +0 robe
 y - a +0 robe
 A - a +0 robe
 D - a +0 robe
Scrolls
 l - 2 scrolls of torment {unknown}
 m - 4 scrolls of identify
 n - 3 scrolls of remove curse
Potions
 f - a potion of haste
 g - 2 potions of magic
 p - a potion of cancellation {unknown}
 q - 4 potions of flight
Books
 b - a book of Changes

   Spells                             Type                      Level
   a - Beastly Appendage              Transmutation                1
   b - Sticks to Snakes               Transmutation                2
   c - Spider Form                    Transmutation/Poison         3
   d - Ice Form                       Ice/Transmutation            4
   e - Blade Hands                    Transmutation                5
 t - a book of Cantrips

   Spells                             Type                      Level
   a - Confusing Touch                Hexes                        1
   b - Animate Skeleton               Necromancy                   1
   c - Summon Small Mammal            Summoning                    1
   d - Apportation                    Translocation                1
 v - a book of Cantrips

   Spells                             Type                      Level
   a - Confusing Touch                Hexes                        1
   b - Animate Skeleton               Necromancy                   1
   c - Summon Small Mammal            Summoning                    1
   d - Apportation                    Translocation                1
Miscellaneous
 B - a box of beasts
Comestibles
 o - 26 royal jellies


   Skills:
 * Level 12.6 Fighting
 + Level 7.9 Dodging
 + Level 8.3 Stealth
 * Level 12.0 Unarmed Combat
 + Level 8.1 Spellcasting
 * Level 11.7 Transmutations
 + Level 6.8 Ice Magic
 + Level 6.9 Poison Magic


You had 9 spell levels left.
You knew the following spells:

 Your Spells              Type           Power        Failure   Level  Hunger
a - Beastly Appendage     Tmut           #####.       1%          1    None
b - Sticks to Snakes      Tmut           #####...     1%          2    None
c - Spider Form           Tmut/Pois      ####......   1%          3    ##.....
d - Ice Form              Ice/Tmut       ####....     2%          4    ####...
e - Blade Hands           Tmut           #####.....   2%          5    #####..
f - Confusing Touch       Hex            #.....       13%         1    None


Dungeon Overview and Level Annotations

Branches:
Dungeon (1/1)

Altars:
Cheibriados
Dithmenos
Elyvilon
Fedhas
Gozag
Hepliaklqana
Kikubaaqudgha
Makhleb
Nemelex Xobeh
Okawaru
Qazlal
Ru
Sif Muna
Trog
Uskayaw
Vehumet
Wu Jian
Xom
Yredelemnul
Zin
The Shining One
Beogh
Jiyva
Lugonu

Annotations:
D exclusion: 2 doors


Innate Abilities, Weirdness & Mutations

((You can spit globs of acid.))
((You are resistant to acid.))
((Your golden yellow scales are hard. (AC +7)))
You cannot fit into any form of body armour.
((You are cold-blooded and may be slowed by cold attacks.))
((You have a pair of small horns on your head.))
You are weak. (Str -2)


Message History

The redback bites you!
* * * LOW HITPOINT WARNING * * *
You are lethally poisoned!
The redback poisons you!
Okay, then.
You barely miss the redback.
The redback is moderately wounded.
* * * LOW HITPOINT WARNING * * *
You feel very sick. The redback closely misses you.
Unknown command.
Casting: Blade Hands
Confirm with . or Enter, or press ? or * to list all spells.
Your hands revert to their normal proportions.
You turn into a creature of crystalline ice.
You are feeling hungry.
* * * LOW HITPOINT WARNING * * *
You feel very sick. The redback bites you!
You die...

#.≈♣♣♣♣♣♣♣♣♣♣♣♣♣♣♣♣
#..♣♣ ♣ ###'♣
♣♣♣♣.# ♣...##
♣♣.##. ♣..#s##
♣♣s##.# ♣♣Y##.#
♣§.§..# #######


You could see a redback.

Vanquished Creatures
  Erica (D)
  A centaur warrior (D)
  An unseen horror (D)
  A lindwurm (D)
  A deep elf mage (D)
  2 spiny frogs (D)
  A komodo dragon (D)
  A queen bee (D)
  2 tyrant leeches (D)
  3 wandering mushrooms (D)
  A shadow (D)
  A redback (D)
  A spatial vortex (D)
  A necrophage (D)
  2 centaurs (D)
  An earth elemental (D)
  A water elemental (D)
  32 killer bees (D)
  A jelly (D)
  A wizard (D)
  A necromancer (D)
  3 humans (D)
  A kobold demonologist (D)
  A wolf (D)
  2 oozes (D)
  2 rats (D)
66 creatures vanquished.

Vanquished Creatures (others)
  2 draconian scorchers (D)
  6 hellions (D)
  2 yaktaurs (D)
  2 plants (D)
12 creatures vanquished.

Grand Total: 78 creatures vanquished

Notes
Turn   | Place    | Note
-------+----------+-------------------------------------------
     0 | D        | Kidiri the Draconian Transmuter began the quest for the Orb.
     0 | D        | Reached XP level 1. HP: 16/16 MP: 3/3
    75 | D        | Killed a yaktaur
    90 | D        | Reached skill level 1 in Stealth
    90 | D        | Reached XP level 2. HP: 22/24 MP: 3/5
    90 | D        | Killed a hellion
    98 | D        | Killed a hellion
    99 | D        | Killed a hellion
   100 | D        | Learned a level 2 spell: Sticks to Snakes
   100 | D        | Killed a hellion
   133 | D        | Killed a white draconian scorcher
   141 | D        | Killed a hellion
   141 | D        | Killed a hellion
   280 | D        | Killed a white draconian scorcher
   313 | D        | Reached XP level 3. HP: 29/31 MP: 5/7
   318 | D        | Learned a level 3 spell: Spider Form
   335 | D        | Gained mutation: You are frail. (-10% HP) [potion of mutation]
   335 | D        | Gained mutation: You have an increased reservoir of magic. (+10% MP) [potion of mutation]
   335 | D        | Lost mutation: You have an increased reservoir of magic. (+10% MP) [potion of mutation]
   335 | D        | Gained mutation: You have a pair of small horns on your head. [potion of mutation]
   336 | D        | Lost mutation: You have a pair of small horns on your head. [potion of mutation]
   336 | D        | Lost mutation: You are frail. (-10% HP) [potion of mutation]
   336 | D        | Gained mutation: Scrolls take you a little longer to read. [potion of mutation]
   336 | D        | Gained mutation: Your magical capacity is low. (-10% MP) [potion of mutation]
   336 | D        | Gained mutation: You are robust. (+10% HP) [potion of mutation]
   337 | D        | Lost mutation: Scrolls take you a little longer to read. [potion of mutation]
   337 | D        | Lost mutation: Your magical capacity is low. (-10% MP) [potion of mutation]
   337 | D        | Lost mutation: You are robust. (+10% HP) [potion of mutation]
   337 | D        | Gained mutation: You are weak. (Str -2) [potion of mutation]
   337 | D        | Gained mutation: You have a pair of small horns on your head. [potion of mutation]
   374 | D        | Noticed a water elemental
   383 | D        | Killed a water elemental
   383 | D        | Reached skill level 5 in Unarmed Combat
   383 | D        | Reached XP level 4. HP: 31/41 MP: 3/8
   482 | D        | Found an ornate altar of the Wu Jian Council.
   482 | D        | Found a roughly hewn altar of Beogh.
   482 | D        | Found an iron altar of Okawaru.
   482 | D        | Found a bloodstained altar of Trog.
   482 | D        | Found a hide-covered altar of Uskayaw.
   482 | D        | Noticed a human
   482 | D        | Noticed a human
   497 | D        | Killed a human
   497 | D        | Reached skill level 5 in Transmutations
   497 | D        | Reached XP level 5. HP: 23/50 MP: 6/11
   502 | D        | Killed a human
   502 | D        | Reached XP level 6. HP: 12/60 MP: 6/12
   512 | D        | Became a worshipper of the Wu Jian Council
   518 | D        | Learned a level 4 spell: Ice Form
   749 | D        | Found a radiant altar of Vehumet.
   750 | D        | Found a deep blue altar of Sif Muna.
   750 | D        | Found an ancient bone altar of Kikubaaqudgha.
   753 | D        | Noticed a soul eater
   757 | D        | Noticed a red devil
   874 | D        | Found a glowing silver altar of Zin.
   875 | D        | Found a glowing golden altar of the Shining One.
   875 | D        | Found a white marble altar of Elyvilon.
   875 | D        | Noticed a deep elf mage
   885 | D        | Killed a deep elf mage
   885 | D        | Reached * piety under Wu Jian
   885 | D        | Reached skill level 5 in Dodging
   885 | D        | Reached skill level 5 in Stealth
   885 | D        | Reached skill level 5 in Spellcasting
   885 | D        | Your scales start taking on a golden yellow colour.
   885 | D        | Reached XP level 7. HP: 68/69 MP: 11/15
   917 | D        | Learned a level 5 spell: Blade Hands
   919 | D        | Learned a level 1 spell: Confusing Touch
   999 | D        | Found a basalt altar of Yredelemnul.
   999 | D        | Found a shadowy altar of Dithmenos.
   999 | D        | Found a sacrificial altar of Ru.
  1081 | D        | Noticed a shadow
  1084 | D        | Killed a shadow
  1084 | D        | Reached ** piety under Wu Jian
  1084 | D        | Reached XP level 8. HP: 75/76 MP: 9/16
  1092 | D        | Found a blossoming altar of Fedhas.
  1092 | D        | Found a stormy altar of Qazlal.
  1092 | D        | Found a snail-covered altar of Cheibriados.
  1092 | D        | Found a burning altar of Makhleb.
  1092 | D        | Found a shimmering altar of Xom.
  1093 | D        | Found a hazy altar of Hepliaklqana.
  1093 | D        | Found an opulent altar of Gozag.
  1093 | D        | Found a sparkling altar of Nemelex Xobeh.
  1093 | D        | Found a corrupted altar of Lugonu.
  1093 | D        | Found a viscous altar of Jiyva.
  1297 | D        | Noticed Erica
  1305 | D        | Killed Erica
  1454 | D        | Reached *** piety under Wu Jian
  1454 | D        | Reached skill level 10 in Fighting
  1466 | D        | Killed a yaktaur
  1667 | D        | Noticed a centaur warrior
  1673 | D        | Reached XP level 9. HP: 78/84 MP: 12/18
  1678 | D        | Killed a centaur warrior
  1678 | D        | Reached skill level 10 in Unarmed Combat
  1678 | D        | Reached skill level 10 in Transmutations
  1678 | D        | Reached skill level 5 in Poison Magic
  1809 | D        | Killed an unseen horror
  1809 | D        | Reached **** piety under Wu Jian
  1809 | D        | Reached skill level 5 in Ice Magic
  2160 | D        | Noticed a queen bee
  2174 | D        | Killed a queen bee
  2532 | D        | Reached ***** piety under Wu Jian
  2541 | D        | Reached XP level 10. HP: 84/96 MP: 16/20
  2560 | D        | Reached ****** piety under Wu Jian
  3435 | D        | Noticed a spiny frog
  3435 | D        | Noticed a spiny frog
  3443 | D        | Killed a spiny frog
  3448 | D        | Killed a spiny frog
  4088 | D        | Noticed a lindwurm
  4098 | D        | Killed a lindwurm
  4105 | D        | HP: 5/120 [poisoned by a redback]
  4105 | D        | Slain by a redback

Vault maps used:
D:        dungeon_sprint_mu

Skill      XL: |  1  2  3  4  5  6  7  8  9 10 |
---------------+-------------------------------+-----
Fighting       | 2 3 4 6 7 8 10 11 12 | 12.6
Dodging        | 2 3 4 5 6 7 |  7.9
Stealth        | 1 2 3 4 5 6 7 8 |  8.3
Unarmed Combat | 4 5 6 7 8 9 10 12 | 12.0
Transmutations | 3 4 5 6 7 8 9 10 11 | 11.7
Spellcasting   | 3 4 5 6 7 8 |  8.1
Ice Magic      | 2 3 4 5 6 |  6.8
Poison Magic   | 2 3 4 5 6 |  6.9

Action                   |  1- 3 |  4- 6 |  7- 9 | 10-12 || total
-------------------------+-------+-------+-------+-------++-------
Melee: Unarmed           |    36 |    34 |    72 |   102 ||   244
       Headbutt          |     2 |       |     8 |    15 ||    25
       Tailslap          |     3 |       |     6 |    13 ||    22
       Kick              |     2 |       |       |       ||     2
       Punch             |       |       |     3 |     7 ||    10
 Cast: Beastly Appendage |     5 |       |       |       ||     5
       Sticks to Snakes  |     2 |       |       |       ||     2
       Spider Form       |     1 |     3 |     1 |       ||     5
       Blade Hands       |       |       |     9 |    12 ||    21
       Confusing Touch   |       |       |     6 |     4 ||    10
       Ice Form          |       |       |     1 |     1 ||     2
Invok: Serpent's Lash    |       |       |     1 |     3 ||     4
 Abil: Breathe Acid      |       |       |       |     3 ||     3
       End Transformatio |       |       |       |     1 ||     1
  Use: Potion            |     3 |     1 |     3 |       ||     7
       Scroll            |       |       |     1 |       ||     1
 Stab: Sleeping          |     1 |     1 |     2 |     1 ||     5
       Confused          |       |       |     3 |     2 ||     5
  Eat: Chunk             |       |       |     7 |       ||     7
       Bread ration      |       |       |     1 |       ||     1
       Meat ration       |       |       |       |     1 ||     1
       Royal jelly       |       |       |       |     1 ||     1
Armor: Skin              |     3 |       |    16 |    10 ||    29
Dodge: Dodged            |    21 |    26 |    41 |    72 ||   160

Table legend:
 A = Spawn XP
 B = Non-spawn XP
 C = Spawn XP percentage of total XP
 D = Spawn monster count
 E = Non-spawn monster count
 F = Spawn count percentage of total count
 G = Total turns spent on level
                    A         B        C        D         E        F      G
               +---------+---------+-------+---------+---------+-------+---------
         Total |       0 |   10220 |   0.0 |       0 |      66 |   0.0 |  4105
               +---------+---------+-------+---------+---------+-------+---------
             D |       0 |   10220 |   0.0 |       0 |      66 |   0.0 |  4105
               +---------+---------+-------+---------+---------+-------+---------
